 Dungeon Sprint DCSS version 0.16-a0-3841-g2612308 (console) character file.

1247 Monkaria the Executioner (level 12, 0/122 HPs)
             Began as a Hill Orc Fighter on Jan 30, 2015.
             Was the Champion of Makhleb.
             Slain by a snapping turtle (9 damage)
             ... in the Dungeon (Sprint VI: "Thunderdome").
             The game lasted 00:09:43 (1401 turns).

Monkaria the Executioner (Hill Orc Fighter)         Turns: 1401, Time: 00:09:43

Health: 0/122      AC:  9    Str: 30    XL:     12   Next: 63%
Magic:  0/35       EV:  8    Int: 13    God:    Makhleb [******]
Gold:   445        SH: 10    Dex: 16    Spells: 0 memorised, 11 levels left

rFire  + . .     SeeInvis .     a - +0 war axe
rCold  . . .     Clarity  .     b - +0 scale mail
rNeg   . . .     SustAb   .     c - +0 shield
rPois  .         Gourm    .     (no helmet)
rElec  .         Spirit   +     (no cloak)
rCorr  .         Warding  .     (no gloves)
rMut   .         NoTele   +     (no boots)
MR     .....                    p - amulet "Zyfeetops" {Spirit rF- MP+9 Str+4 Dex+4}
Stlth  ..........               t - ring of Veystriycu {Str+2 Dex+2}
                                q - ring "Brub" {rF++ Int+5}

@: not resistant to hostile enchantments, extremely unstealthy
A: no striking features
a: Minor Destruction, Lesser Servant of Makhleb, Major Destruction, Greater
Servant of Makhleb, Renounce Religion
}: 1/15 runes: serpentine


You were in the Dungeon.
You worshipped Makhleb.
Makhleb was exalted by your worship.
You were very hungry.

You visited 1 branch You collected 1480 gold pieces.
You spent 1035 gold pieces at shops.

Inventory:

Hand weapons
 a - a +0 war axe (weapon)
 g - a +2 great sword of holy wrath
Armour
 b - a +0 scale mail (worn)
 c - a +0 shield (worn)
Rods
 j - a +4 rod of shadows (13/13)
   (You found it in the Dungeon)
Jewellery
 p - the amulet "Zyfeetops" (around neck) {Spirit rF- MP+9 Str+4 Dex+4}
   (You bought it in a shop in the Dungeon)

   [amulet of guardian spirit]

   It causes incoming damage to be split between your health and magic.
   It affects your strength (+4).
   It affects your dexterity (+4).
   It makes you vulnerable to fire.
   It affects your magic capacity (+9).
 q - the ring "Brub" (left hand) {rF++ Int+5}
   (You bought it in a shop in the Dungeon)

   [ring of intelligence]

   It affects your intelligence (+5).
   It greatly protects you from fire.
 r - the ring of Satisfaction {rElec rPois+ rC- AC+3 Int+4 Stlth-}
   (You bought it in a shop in the Dungeon)

   [ring of protection]

   It affects your AC (+3).
   It affects your intelligence (+4).
   It makes you vulnerable to cold.
   It insulates you from electricity.
   It protects you from poison.
   It makes you less stealthy.
 s - the ring of Suinapu {Wiz +Inv Int+4 Dex+2}
   (You bought it in a shop in the Dungeon)

   [ring of wizardry]

   It improves your spell success rate.
   It affects your intelligence (+4).
   It affects your dexterity (+2).
   It lets you turn invisible.
 t - the ring of Veystriycu (right hand) {Str+2 Dex+2}
   (You bought it in a shop in the Dungeon)

   [ring of dexterity]

   It affects your strength (+2).
   It affects your dexterity (+2).
Magical devices
 m - a wand of cold (5)
 n - a wand of fire (2)
Scrolls
 k - 4 scrolls of blinking
 o - 3 scrolls of fog
Potions
 e - 3 potions of heal wounds
 f - a potion of curing
 h - 2 potions of haste
 i - 2 potions of magic
 l - a potion of resistance
Comestibles
 d - a meat ration


   Skills:
 - Level 16.2 Fighting
 - Level 21.0 Axes
 + Level 12.0 Armour
 - Level 3.2 Shields
 - Level 11.1 Invocations


You had 11 spell levels left.
You didn't know any spells.

Dungeon Overview and Level Annotations

Branches:
Dungeon (1/1)

Altars:
Cheibriados
Dithmenos
Elyvilon
Fedhas
Gozag
Kikubaaqudgha
Makhleb
Nemelex Xobeh
Okawaru
Qazlal
Ru
Sif Muna
Trog
Vehumet
Xom
Yredelemnul
Zin
The Shining One
Jiyva
Lugonu

Shops:
D *[%??*?*:[((!!!!

Annotations:
D Ilsuiw


Message History

The water elemental engulfs your green death in water!
You hit the hippogriff.
You kill the hippogriff!
Makhleb accepts your kill.
You feel a little better.
Your Armour skill increases to level 12!
Your green death barely misses the water elemental.
The water elemental hits your green death.
The snapping turtle barely misses you. You block the snapping turtle's attack.
Unknown command.
Unknown command.
The water elemental closely misses you.
The snapping turtle bites you from afar!!
* * * LOW HITPOINT WARNING * * *
You slash the water elemental!
The water elemental is moderately damaged.
You block the water elemental's attack.
The snapping turtle bites you from afar!
You die...

#_......._# #_.....)._#
#........_# ###.........###
#⌠...........⌠#
######.8[........8.######
##∩___......###.E.[[.___∩##
###∩........8.# #.8........∩##
##............@###)2..........[
#⌠..........###E..###..........
#⌠..........# #Et.# #..........
#⌠....[.....###...###..........
##.............###..........[..
###∩.[....[.8.# #.8........∩##
##∩_........###.......__∩##
######.8.........8.######
#⌠...........⌠#


You could see a snapping turtle and 2 water elementals.

Vanquished Creatures
  An anaconda (D)
  A queen ant (D)
  A kobold demonologist (D)
  4 fire drakes (D)
  3 giant leeches (D)
  2 water elementals (D)
  A hippogriff (D)
  A mottled dragon (D)
  A soldier ant (D)
  3 swamp drakes (D)
  9 dwarves (D)
  2 ice beasts (D)
  2 big kobolds (D)
  A brain worm (D)
  2 wights (D)
  A killer bee (D)
  A hound (D)
  2 ogre simulacra (D)
  4 worms (D)
  A spectral adder (D)
  A spectral bat (D)
  A giant cockroach (D)
  3 kobolds (D)
  A bat (D)
  A giant newt (D)
  A spectral ball python (D)
  A spectral giant cockroach (D)
52 creatures vanquished.

Vanquished Creatures (collateral kills)
  A water elemental (D)
1 creature vanquished.

Grand Total: 53 creatures vanquished

Notes
Turn   | Place    | Note
--------------------------------------------------------------
     0 | D        | Monkaria, the Hill Orc Fighter, began the quest for the Orb.
     0 | D        | Reached XP level 1. HP: 19/19 MP: 1/1
     1 | D        | Found a shadowy altar of Dithmenos.
     1 | D        | Found a bloodstained altar of Trog.
     2 | D        | Found an iron altar of Okawaru.
     2 | D        | Found a deep blue altar of Sif Muna.
     3 | D        | Found a viscous altar of Jiyva.
     3 | D        | Found a radiant altar of Vehumet.
     4 | D        | Found an ancient bone altar of Kikubaaqudgha.
     4 | D        | Found Ykufidyvis' Staff Store.
     4 | D        | Found Gad Irai's Must-Have Magic.
     5 | D        | Found a sacrificial altar of Ru.
     5 | D        | Round 1.
     6 | D        | Found Cupihuni's Magic Scroll Shop.
     6 | D        | Found Hachirom's Magic Scroll Shop.
    29 | D        | Found a glowing silver altar of Zin.
    32 | D        | Found a stormy altar of Qazlal.
    32 | D        | Found a sparkling altar of Nemelex Xobeh.
    32 | D        | Found Klecuoce's Bee Food.
    32 | D        | Found Napt's Jewellery.
    34 | D        | Found Isiughax's Advanced Armour.
    34 | D        | Found a white marble altar of Elyvilon.
    34 | D        | Found Wuodou's Identification Station.
    56 | D        | Bought a flickering platinum amulet for 45 gold pieces
    56 | D        | Bought a fine lead ring for 45 gold pieces
    56 | D        | Bought a vibrating amber ring for 45 gold pieces
    56 | D        | Identified the amulet "Zyfeetops" {Spirit rF- MP+9 Str+4 Dex+4} (You bought it in a shop in the Dungeon)
    57 | D        | Identified the ring "Brub" {rF++ Int+5} (You bought it in a shop in the Dungeon)
    58 | D        | Identified the ring of Satisfaction {rElec rPois+ rC- AC+3 Int+4 Stlth-} (You bought it in a shop in the Dungeon)
    59 | D        | Bought a slimy turquoise ring for 45 gold pieces
    60 | D        | Identified the ring of Suinapu {Wiz +Inv Int+4 Dex+2} (You bought it in a shop in the Dungeon)
    66 | D        | Found a blossoming altar of Fedhas.
    73 | D        | Reached skill level 4 in Fighting
    75 | D        | Found a corrupted altar of Lugonu.
    91 | D        | Found a basalt altar of Yredelemnul.
    91 | D        | Found Cal Inlo's Premium Goods.
    91 | D        | Found Clac's Miscellaneous Merchandise.
    92 | D        | Found a glowing golden altar of the Shining One.
    93 | D        | Found an opulent altar of Gozag.
    93 | D        | Found Sexowuopn's Basic Armour.
    94 | D        | Found a snail-covered altar of Cheibriados.
    95 | D        | Found Hosmuos' Weapon Rack.
   110 | D        | Found a burning altar of Makhleb.
   110 | D        | Found a shimmering altar of Xom.
   110 | D        | Found Kaciehux's Do-It-Yourself Clinic.
   110 | D        | Found Psaupted's Bottled Wisdom.
   112 | D        | Found Qitziyn's Distillery.
   114 | D        | Became a worshipper of Makhleb the Destroyer
   115 | D        | Found Bluamox's Distillery.
   129 | D        | Noticed a hound
   130 | D        | Noticed Sigmund
   134 | D        | Killed a hound
   134 | D        | Acquired Makhleb's first power
   134 | D        | Reached skill level 5 in Fighting
   134 | D        | Reached skill level 7 in Axes
   134 | D        | Reached XP level 2. HP: 25/29 MP: 2/2
   134 | D        | Reached XP level 3. HP: 31/36 MP: 3/3
   143 | D        | Arena points: 5 (+5) [x1]
   158 | D        | Round 2.
   177 | D        | Noticed a queen ant
   188 | D        | Noticed a soldier ant
   208 | D        | Killed a soldier ant
   208 | D        | Reached skill level 11 in Axes
   208 | D        | Reached XP level 4. HP: 39/48 MP: 4/4
   208 | D        | Reached XP level 5. HP: 43/53 MP: 4/5
   240 | D        | Killed a queen ant
   240 | D        | Acquired Makhleb's second power
   240 | D        | Reached skill level 10 in Fighting
   240 | D        | Reached skill level 14 in Axes
   240 | D        | Reached XP level 6. HP: 43/67 MP: 2/6
   240 | D        | Reached XP level 7. HP: 46/73 MP: 2/7
   241 | D        | Reached skill level 15 in Axes
   246 | D        | Arena points: 13 (+8) [x1]
   256 | D        | Round 3.
   335 | D        | Acquired Makhleb's third power
   377 | D        | Arena points: 55 (+42) [x2]
   406 | D        | Round 4.
   406 | D        | Noticed a kobold demonologist
   415 | D        | Noticed a smoke demon
   418 | D        | Killed a kobold demonologist
   418 | D        | Acquired Makhleb's fourth power
   418 | D        | Reached skill level 16 in Axes
   418 | D        | Reached XP level 8. HP: 77/83 MP: 8/8
   431 | D        | Reached skill level 17 in Axes
   445 | D        | Acquired Makhleb's fifth power
   447 | D        | Arena points: 139 (+84) [x3]
   494 | D        | Round 5.
   501 | D        | Noticed a giant anaconda
   522 | D        | Killed a giant anaconda
   522 | D        | Arena points: 339 (+200) [x5]
   522 | D        | Reached skill level 19 in Axes
   522 | D        | Reached XP level 9. HP: 38/94 MP: 2/9
   526 | D        | Got a serpentine rune of Zot
   528 | D        | Reached XP level 10. HP: 40/102 MP: 3/10
   547 | D        | Bought a potion of experience for 300 gold pieces
   548 | D        | Reached XP level 11. HP: 41/108 MP: 5/23
   713 | D        | Round 6.
   777 | D        | Reached skill level 20 in Axes
   849 | D        | Reached skill level 21 in Axes
   872 | D        | Arena points: 663 (+324) [x6]
   872 | D        | Reached skill level 15 in Fighting
   908 | D        | Round 7.
  1002 | D        | Arena points: 1104 (+441) [x7]
  1026 | D        | Bought 3 potions of heal wounds for 105 gold pieces
  1026 | D        | Bought 3 potions of heal wounds for 105 gold pieces
  1027 | D        | Bought a potion of experience for 300 gold pieces
  1028 | D        | Reached XP level 12. HP: 57/122 MP: 11/26
  1069 | D        | Round 8.
  1201 | D        | Reached skill level 10 in Armour
  1228 | D        | Arena points: 1184 (+80) [x1]
  1243 | D        | Round 9.
  1310 | D        | Bought a scorched iron ring for 45 gold pieces
  1310 | D        | Identified the ring of Veystriycu {Str+2 Dex+2} (You bought it in a shop in the Dungeon)
  1359 | D        | Arena points: 1247 (+63) [x1]
  1374 | D        | Round 10.
  1374 | D        | Noticed Ilsuiw
  1385 | D        | HP: 1/122 [water elemental[Ilsuiw] (7)]
  1401 | D        | Slain by a snapping turtle

Action                   |  1- 3 |  4- 6 |  7- 9 | 10-12 || total
-------------------------+-------+-------+-------+-------++-------
Melee: War axe           |    43 |    28 |    64 |   181 ||   316
Invok: Greater Servant o |       |       |       |     1 ||     1
Evoke: Wand              |       |       |     3 |       ||     3
  Use: Potion            |     1 |     3 |     5 |     6 ||    15
 Stab: Confused          |       |       |       |    10 ||    10
  Eat: Chunk             |       |       |       |     2 ||     2
